 Dungeon Crawl Stone Soup version 0.31-a0-750-gfe7b580527 (webtiles) character file.

Game seed: 11064792197257835650

8224 IdlyInterested the Slicer (level 11, -3/84 HPs)
             Began as a Demonspawn Fighter on Sept 14, 2023.
             Slain by an orc warrior
             ... wielding a +0 glaive
              (11 damage)
             ... in a bailey.
             The game lasted 00:39:41 (10902 turns).

IdlyInterested the Slicer (Demonspawn Fighter)     Turns: 10902, Time: 00:39:42

Health: -3/84      AC: 15    Str: 24    XL:     11   Next: 7%
Magic:  11/11      EV: 14    Int:  9    God:
Gold:   517        SH: 11    Dex: 18    Spells: 10/10 levels left

rFire   . . .        t - +7 long sword (freeze)
rCold   . . .        c - +0 buckler
rNeg    . . .        V - +3 leather armour
rPois   .            h - +1 helmet
rElec   .            U - +0 cloak
rCorr   .            y - +0 pair of gloves
SInv    .            (no boots)
Will    .....        g - amulet of reflection
Stlth   ++++         u - +6 ring of strength
HPRegen 0.34/turn    w - +4 ring of protection
MPRegen 0.12/turn

%: reflection
@: hasted, very quick
A: hooves 2, thin skeletal structure 1, demonic guardian 1, ignite blood 3
a: no special abilities


You were in a bailey.
You visited 2 branches of the dungeon, and saw 12 of its levels.
You also visited: Sewer and Bailey.

You collected 574 gold pieces.
You spent 57 gold pieces at shops.

Inventory:

Hand Weapons
 a - a +0 rapier
 p - the +7 mace "Kumucui" {speed, rElec rF+ Dex-5}
   (You found it on level 2 of the Dungeon)

   Dex-5:     It affects your dexterity (-5).
   rF+:       It protects you from fire.
   rElec:     It insulates you from electricity.
 q - a +0 vampiric dagger
 s - a +5 long sword
 t - a +7 long sword of freezing (weapon)
 I - a +4 short sword
 T - a +1 scimitar of protection
Missiles
 i - 16 poisoned darts (quivered)
 o - 36 stones
 E - 6 atropa-tipped darts
 H - a curare-tipped dart
 O - 5 boomerangs
 Z - 5 javelins
Armour
 b - a +0 plate armour
 c - a +0 buckler (worn)
 h - a +1 helmet (worn)
 m - a +0 leather armour of fire resistance
 y - a +0 pair of gloves (worn)
 B - a +1 robe of willpower
 U - a +0 cloak (worn)
 V - a +3 leather armour (worn)
Magical Staves
 N - a staff of poison
 P - a staff of cold
Jewellery
 g - an amulet of reflection (around neck)
 l - a ring of protection from fire
 r - a +5 ring of evasion
 u - a +6 ring of strength (left hand)
 w - a +4 ring of protection (right hand)
 R - a ring of resist corrosion
 W - the ring "Keaqeos" {rElec rC- Str+6 Dex+4 Stlth+}
   (You found it on level 8 of the Dungeon)

   [ring of strength]

   Str+6:     It affects your strength (+6).
   Dex+4:     It affects your dexterity (+4).
   rC-:       It makes you vulnerable to cold.
   rElec:     It insulates you from electricity.
   Stlth+:    It makes you more stealthy.
Talismans
 S - a serpent talisman
Wands
 G - a wand of flame (9)
 X - a wand of light (5)
Scrolls
 e - 2 scrolls of immolation
 f - 5 scrolls of enchant armour
 j - 5 scrolls of teleportation
 k - 3 scrolls of enchant weapon
 v - 4 scrolls of amnesia
 J - a scroll of fear
 K - 2 scrolls of vulnerability
Potions
 d - 5 potions of might
 z - a potion of lignification {unknown}
 A - a potion of attraction {unknown}
 C - 2 potions of brilliance
 D - 6 potions of haste
 F - 2 potions of cancellation
 L - a potion of resistance {unknown}
 M - a potion of magic {unknown}
 Q - a potion of enlightenment {unknown}
 Y - a potion of ambrosia {unknown}


   Skills:
 - Level 7.0 Fighting
 * Level 10.3 Short Blades
 - Level 1.0 Throwing
 - Level 5.0 Armour
 - Level 5.0 Dodging
 - Level 5.0 Stealth
 - Level 7.0 Shields
 - Level 1.0 Evocations
 - Level 1.0 Shapeshifting


You had 10 spell levels left.
You didn't know any spells.
Your spell library contained the following spells:

 Spells                   Type           Power      Damage    Failure   Level
 Slow                     Hex            0%         N/A       47%         1
 Sublimation of Blood     Necr           0%         N/A       63%         2
 Confusing Touch          Hex            0%         N/A       85%         3
 Frozen Ramparts          Ice            0%         1d1       85%         3
 Gell's Gravitas          Tloc           0%         N/A       85%         3
 Inner Flame              Hex/Fire       0%         N/A       85%         3
 Sigil of Binding         Hex            0%         N/A       85%         3
 Stone Arrow              Conj/Erth      0%         3d7       85%         3
 Teleport Other           Tloc           0%         N/A       85%         3
 Vampiric Draining        Necr           0%         2d6       85%         3
 Animate Armour           Summ/Erth      0%         N/A       99%         4
 Petrify                  Tmut/Erth      0%         N/A       99%         4
 Irradiate                Conj/Tmut      0%         3d11      100%        5
 Metabolic Englaciation   Hex/Ice        0%         N/A       100%        5
 Summon Mana Viper        Hex/Summ       0%         N/A       100%        5
 Yara's Violent Unravell  Hex/Tmut       0%         3d3       100%        5
 Dispersal                Tloc           0%         N/A       100%        6
 Enfeeble                 Hex            0%         N/A       100%        7
 Orb of Destruction       Conj           0%         9d5       100%        7
 Borgnjor's Revivificati  Necr           0%         N/A       100%        8
 Lehudib's Crystal Spear  Conj/Erth      0%         10d2      100%        8


Dungeon Overview and Level Annotations

Branches:
Dungeon (11/15)            Temple (1/1) D:4            Lair (0/5) D:10
    Orc (0/2) D:10          Sewer (visited)          Bailey (1/1)

Altars:
Ashenzari
Cheibriados
Dithmenos
Fedhas
Gozag
Hepliaklqana
Kikubaaqudgha
Nemelex Xobeh
Okawaru
Qazlal
Sif Muna
Trog
Uskayaw
Vehumet
Wu Jian
Xom
Yredelemnul

Shops:
D:4 *   D:5 ?   D:10 [


Innate Abilities, Weirdness & Mutations

You have hoof-like feet.
You have a somewhat thin skeletal structure. (Dex +2, Stealth+)
A weak demonic guardian rushes to your aid.
Your demonic aura causes all spilled blood to erupt in flames.


Message History

The orc completely misses you. The orc barely misses you.
You block the centaur's attack. x2
The centaur kicks you but does no damage.
You slash the centaur! You freeze the centaur. Your kick misses the centaur.
The centaur is almost dead.
The orc warrior hits you from afar with a +0 glaive.
The centaur hits you but does no damage.
You block the orc's attack.
The centaur is engulfed in blazing flames.
You kill the centaur!
You block the orc's attack. You block the orc warrior's attack.
The centaur throws a javelin.
The javelin misses you. You block the orc's attack.
The centaur hits you but does no damage.
The centaur closely misses you.
Items here: ( ) [ †.
You slash the centaur! You freeze the centaur.
You kick the centaur, but do no damage.
The centaur is heavily wounded.
The centaur is engulfed in blazing flames.
The centaur closely misses you. x2; You block the orc's attack.
The centaur is engulfed in blazing flames.
You kill the centaur!
The orc warrior hits you from afar with a +0 glaive.
* * * LOW HITPOINT WARNING * * *
The orc closely misses you.
You feel yourself speed up. The orc closely misses you.
The orc warrior hits you from afar with a +0 glaive!!
* * * LOW HITPOINT WARNING * * *
A demonic guardian appears!
You block the orc's attack.
Unknown command.
Okay, then.
You block the orc's attack.
Things that are here:
a +0 spear; a +0 ring mail You hit the orc warrior but do no damage.
Your kick misses the orc warrior.
The orc warrior is lightly wounded.
The orc warrior hits you with a +0 glaive!
You die...

#≈≈.≈.....≈~≈≈≈~≈....
#≈≈.≈≈....≈≈~≈~≈≈....≈
#≈≈≈.≈.....≈~≈~≈.....≈
#≈≈≈.≈≈.⌠..≈≈~≈≈..⌠.≈≈
#≈≈≈≈.≈.....≈~≈.....≈.
#≈≈≈≈.≈≈≈.........≈≈≈.
#≈≈≈≈≈..≈≈≈oo...≈≈≈..≈
#≈≈≈≈≈≈≈.☼≈§≈.≈≈≈..≈≈≈
#≈≈≈≈≈≈≈≈°@o).).≈≈≈≈≈
##≈≈≈≈≈≈≈≈5≈≈≈≈≈≈≈≈≈≈
##≈≈≈≈≈≈≈≈≈≈≈≈≈≈≈≈≈≈
###################


You could see an orc warrior (ally target), 2 orcs and a friendly white imp
(summoned).

Vanquished Creatures
  The ghost of pigah the Mimic, a novice OpSh of Gozag (D:6)
  A kobold demonologist (D:9)
  A wyvern (D:7)
  A shadow (D:10)
  Eustachio (D:4)
  A steam dragon (D:8)
  Menkaure (D:4)
  An acid dragon (D:6)
  3 water moccasins
  9 orc warriors
  A black bear (D:6)
  2 ice beasts
  2 sky beasts
  11 centaurs
  3 ogres (D:5)
  A kobold brigand (D:4)
  4 bullfrogs
  8 gnoll sergeants
  6 scorpions
  19 wights
  9 killer bees (D:7)
  A howler monkey (D:5)
  3 jellies
  3 orc priests
  5 hounds
  2 gnoll boudas (D:6)
  Crazy Yiuf (D:7)
  A sleepcap (D:5)
  5 iguanas
  10 orc wizards
  6 gnolls
  17 adders
  3 river rats (Sewer)
  2 shadow imps
  3 white imps
  2 ufetubi (D:5)
  4 worms
  6 dart slugs
  50 orcs
  5 endoplasms
  2 giant cockroaches
  11 goblins
  11 hobgoblins
  7 jackals
  25 kobolds
  8 quokkas
  16 ball pythons
  3 bats
  5 frilled lizards
  32 rats
335 creatures vanquished.

Vanquished Creatures (collateral kills)
  An orc warrior (Bailey)
  A wight (D:8)
2 creatures vanquished.

Vanquished Creatures (others)
  3 orcs (Bailey)
  A butterfly (D:4)
4 creatures vanquished.

Grand Total: 341 creatures vanquished

Notes
Turn   | Place    | Note
-------+----------+-------------------------------------------
     0 | D:1      | IdlyInterested the Demonspawn Fighter began the quest for
                  | the Orb.
     0 | D:1      | Reached XP level 1. HP: 18/18 MP: 1/1
   192 | D:1      | Gained mutation: Your demonic aura sometimes causes spilled
                  | blood to erupt in flames. [demonic ancestry]
   192 | D:1      | Reached XP level 2. HP: 24/24 MP: 2/2
   578 | D:1      | Gained mutation: You have large cloven feet. [demonic
                  | ancestry]
   578 | D:1      | Reached XP level 3. HP: 30/30 MP: 3/3
  1080 | D:2      | Reached skill level 1 in Throwing
  1342 | D:2      | Reached skill level 1 in Dodging
  1619 | D:2      | Gained mutation: Your demonic aura often causes spilled
                  | blood to erupt in flames. [demonic ancestry]
  1619 | D:2      | Reached XP level 4. HP: 28/37 MP: 4/4
  1782 | D:2      | Got the Spellbook of Charnel Production
  1805 | D:2      | Reached skill level 1 in Stealth
  1990 | D:2      | Identified the +7 mace "Kumucui" {speed, rElec rF+ Dex-5}
  2052 | D:2      | Found a faded altar of an unknown god.
  2303 | D:3      | Reached skill level 1 in Evocations
  2323 | D:3      | Reached skill level 1 in Shapeshifting
  2362 | D:3      | Reached XP level 5. HP: 42/42 MP: 5/5
  2650 | D:3      | Got the Quarto of Confrontation and Rot
  3273 | D:4      | Gained mutation: You have hoof-like feet. [demonic
                  | ancestry]
  3273 | D:4      | Reached XP level 6. HP: 41/48 MP: 6/6
  3381 | D:4      | Reached skill level 5 in Shields
  3544 | D:4      | Noticed Menkaure
  3564 | D:4      | Killed Menkaure
  3814 | D:4      | Found Laluamys's Assorted Antiques.
  3822 | D:4      | Bought a bubbling red potion for 27 gold pieces
  3822 | D:4      | Bought a scroll labelled WUUXUM AGUS for 30 gold pieces
  3869 | D:4      | Noticed Eustachio
  3882 | D:4      | Killed Eustachio
  3883 | D:4      | Reached skill level 5 in Fighting
  3883 | D:4      | Gained mutation: You have a somewhat thin skeletal
                  | structure. (Dex +2, Stealth+) [demonic ancestry]
  3883 | D:4      | Reached XP level 7. HP: 41/56 MP: 7/7
  3948 | D:4      | Found a staircase to the Ecumenical Temple.
  3955 | Temple   | Entered the Ecumenical Temple
  4436 | D:5      | Entered Level 5 of the Dungeon
  4472 | D:5      | Gained mutation: A weak demonic guardian rushes to your
                  | aid. [demonic ancestry]
  4472 | D:5      | Reached XP level 8. HP: 62/62 MP: 8/8
  4724 | D:5      | Found a glowing drain.
  4739 | Sewer    | Entered a sewer
  5576 | D:5      | Found Uzeesann's Magic Scroll Boutique.
  6082 | D:6      | Reached XP level 9. HP: 72/72 MP: 9/9
  6303 | D:6      | Reached skill level 2 in Short Blades
  6340 | D:6      | Reached skill level 3 in Short Blades
  6417 | D:6      | Found the +5 woodcutter's axe
  6640 | D:6      | Found an ornate altar of the Wu Jian Council.
  6673 | D:6      | Reached skill level 4 in Short Blades
  6943 | D:7      | Reached skill level 5 in Short Blades
  7064 | D:6      | Reached skill level 6 in Short Blades
  7182 | D:6      | Found a runed translucent door.
  7183 | D:6      | Noticed pigah's ghost (novice OpSh)
  7361 | D:6      | Reached skill level 7 in Short Blades
  7524 | D:6      | Killed pigah's ghost
  7525 | D:6      | Gained mutation: Your demonic aura causes all spilled blood
                  | to erupt in flames. [demonic ancestry]
  7525 | D:6      | Reached XP level 10. HP: 74/79 MP: 10/10
  7671 | D:7      | Reached skill level 8 in Short Blades
  7733 | D:7      | Reached skill level 5 in Stealth
  8361 | D:7      | Found a runed translucent door.
  8362 | D:7      | Noticed Crazy Yiuf
  8674 | D:7      | Killed Crazy Yiuf
  8993 | D:8      | Reached skill level 9 in Short Blades
  9151 | D:8      | Reached skill level 5 in Dodging
  9542 | D:8      | Identified the ring "Keaqeos" {rElec rC- Str+6 Dex+4
                  | Stlth+}
 10099 | D:9      | You fall into a shaft and drop 2 floors!
 10120 | D:10     | Entered Level 10 of the Dungeon
 10141 | D:10     | Found Nuiplomol's Armour Boutique.
 10174 | D:10     | Found a flagged portal.
 10192 | Bailey   | Entered a bailey
 10375 | Bailey   | Reached skill level 10 in Short Blades
 10672 | Bailey   | Reached XP level 11. HP: 43/84 MP: 11/11
 10688 | Bailey   | Reached skill level 5 in Armour
 10902 | Bailey   | Slain by an orc warrior

Illustrated notes

Levels and vault maps discovered:
D:1:      shiori_arrival_maze, layout_rooms, serial_forest,
          infiniplex_forest_end_2, infiniplex_forest_3_way,
          infiniplex_forest_3_way, infiniplex_forest_clump_medium,
          infiniplex_forest_3_way, infiniplex_forest_clump_small,
          infiniplex_forest_end_2, minmay_heptomino_w4
D:2:      layout_loops_corners, shapermc_ecumenical_altar_petra, st_stairs_6
D:3:      minmay_recursive_quarters, layout_loops_ring
D:4:      layout_loops_corners, nicolae_elyvilon_peaceful_grove,
          minmay_temple_entry_butterflies, serial_rivers,
          chequers_serial_rivers_micro_b, chequers_serial_rivers_micro_e,
          chequers_serial_rivers_micro_e, chequers_serial_rivers_large_b,
          chequers_serial_rivers_small_3, serial_shops,
          nicolae_shop_just_a_little_nook, uniq_menkaure, uniq_eustachio
D:5:      cheibrodos_barr_body, layout_layer_cave, serial_shops,
          nicolae_shop_back_alley_shop, portal_sewer_entry_d
D:6:      minmay_bubble_buster, layout_loops_cross,
          pdpol_wu_jian_five_deadly_venoms, ebering_ghost_inner_flame,
          pf_guarded_unrand_woodcutter
D:7:      layout_basic, uniq_crazy_yiuf_cottage
D:8:      layout_basic
D:9:      layout_stronghold, gammafunk_temple_overflow_wave, serial_shops, shop,
          shop, shop
D:10:     layout_basic, dpeg_oklobed_lair, hiddenorc2_lemuel, serial_shops,
          shop_fountains, enter_bailey_3, nicolae_shop_overcharged_wands,
          uniq_maggie
D:11:     layout_gridville, serial_shops, nicolae_shop_pleasant_corner_grove,
          nicolae_the_louvre
Temple:   nicolae_temple_two_arcs
Bailey:   bailey_polearm_flooded_kennysheep, bailey

Skill      XL: |  1  2  3  4  5  6  7  8  9 10 11 |
---------------+----------------------------------+-----
Armour         | 3 4 5 |  5.0
Fighting       | 4 5 7 |  7.0
Throwing       | 1 |  1.0
Dodging        | 1 3 4 5 |  5.0
Shields        | 3 4 5 6 7 |  7.0
Stealth        | 1 4 5 |  5.0
Evocations     | 1 |  1.0
Shapeshifting  | 1 |  1.0
Short Blades   | 7 10 | 10.3

Action                     |  1- 3 |  4- 6 |  7- 9 | 10-12 || total
---------------------------+-------+-------+-------+-------++-------
  Melee: Rapier            |   297 |    42 |       |       ||   339
         Kick              |    91 |    42 |    90 |    70 ||   293
         Mace              |       |   143 |   260 |    14 ||   417
         Long sword        |       |       |    72 |   202 ||   274
  Throw: Dart              |     3 |     5 |    16 |     7 ||    31
         Stone             |     2 |     1 |       |       ||     3
  Evoke: Wand              |       |       |       |     1 ||     1
    Use: Scroll            |     3 |     1 |     6 |     3 ||    13
         Potion            |       |     1 |       |     7 ||     8
   Stab: Sleeping          |       |       |     3 |     1 ||     4
         Distracted        |       |       |       |     1 ||     1
 Armour: Scale mail        |   114 |    72 |    63 |       ||   249
         Plate armour      |       |       |    41 |    52 ||    93
         Chain mail        |       |       |    23 |       ||    23
         Leather armour    |       |       |       |   104 ||   104
  Dodge: Dodged            |    53 |    66 |   170 |   208 ||   497
  Block: Buckler           |    43 |    60 |   183 |   205 ||   491
         Reflection        |       |       |     3 |     3 ||     6

Table legend: (Time is in decaauts)
 A = Elapsed time spent in this place.
 B = Non-inter-level travel time spent in this place.
 C = Inter-level travel time spent in this place.
 D = Time resting spent in this place.
 E = Time spent auto-exploring this place.
 F = Levels seen in this place.
 G = Mean time per level.
                   A        B        C        D        E       F      G
               +--------+--------+--------+--------+--------+-----+--------+
         Total |  11033 |   9884 |   1149 |   1388 |   5141 |  14 |  788.1 |
       Dungeon |   9827 |   8678 |   1149 |   1052 |   4984 |  11 |  893.4 |
        Temple |      1 |      1 |      0 |      0 |      0 |   1 |    1.0 |
         Sewer |    487 |    487 |      0 |     24 |    157 |   1 |  487.0 |
        Bailey |    717 |    717 |      0 |    312 |      0 |   1 |  717.0 |
               +--------+--------+--------+--------+--------+-----+--------+

Top non-repeatable levels by time:
     D:6: 1432 daAuts
     D:7: 1409 daAuts
     D:4: 1397 daAuts
     D:8: 1203 daAuts
     D:1: 1174 daAuts
     D:2: 1163 daAuts
     D:5: 1010 daAuts
     D:3: 895 daAuts
  Bailey: 717 daAuts
   Sewer: 487 daAuts
    D:10: 75 daAuts
     D:9: 45 daAuts
    D:11: 20 daAuts
  Temple: 1 daAuts
